 Dungeon Crawl Stone Soup version 0.30-a0-219-gf2db51d15e (webtiles) character file.

Game seed: 7914241663461757550

2129 PyroL the Frost Mage (level 9, 0/62 (64) HPs)
             Began as a Black Draconian Ice Elementalist on Oct 7, 2022.
             Was a Follower of Vehumet.
             Slain by a wight
             ... wielding a +2 scimitar of freezing
              (5 damage)
             ... on level 7 of the Dungeon.
             The game lasted 00:20:30 (6578 turns).

PyroL the Frost Mage (DrIE)                         Turns: 6578, Time: 00:20:31

HP:   0/62 (64)     AC: 20    Str: 10    XL:     9   Next: 8%
MP:   7/20          EV: 12    Int: 19    God:    Vehumet [*.....]
Gold: 482           SH:  0    Dex: 13    Spells: 13/23 levels left

rFire   . . .      SeeInvis .    b - +2 dagger (venom)
rCold   . . .      Faith    .    (no shield)
rNeg    . . .      Spirit   .    (body armour unavailable)
rPois   .          Reflect  .    (helmet restricted)
rElec   +          Harm     .    (no cloak)
rCorr   .          Rampage  .    r - +0 pair of gloves
Will    .....                    (no boots)
Stlth   ++........               v - amulet of magic regeneration
HPRegen 0.30/turn                c - +4 ring of slaying
MPRegen 0.57/turn                q - +4 ring of protection

@: ice-armoured, short of breath, freezing walls, very slightly contaminated,
studying Dodging, lightly drained
A: breathe lightning, AC +7, unfitting armour, electricity resistance,
cold-blooded
a: Breathe Lightning, Renounce Religion


You were on level 7 of the Dungeon.
You worshipped Vehumet.
Vehumet was aware of your devotion.
You visited 2 branches of the dungeon, and saw 8 of its levels.

You collected 504 gold pieces.
You spent 22 gold pieces at shops.

Inventory:

Hand Weapons
 b - a +2 dagger of venom (weapon)
Missiles
 d - 8 curare-tipped darts
 f - 13 poisoned darts
 x - a throwing net
Armour
 r - a +0 pair of gloves (worn)
Jewellery
 c - a +4 ring of slaying (left hand)
 q - a +4 ring of protection (right hand)
 v - an amulet of magic regeneration (around neck)
 w - an amulet of reflection
Wands
 D - a wand of roots (11)
Scrolls
 e - 3 scrolls of blinking
 i - a scroll of amnesia
 o - 2 scrolls of poison {unknown}
 s - a scroll of fear {unknown}
 t - 2 scrolls of magic mapping {unknown}
 u - 2 scrolls of immolation {unknown}
 y - a scroll of enchant armour {unknown}
 B - 3 scrolls of vulnerability {unknown}
 C - a scroll of brand weapon {unknown}
Potions
 a - a potion of magic
 g - 2 potions of ambrosia {unknown}
 h - 2 potions of berserk rage {unknown}
 j - a potion of cancellation {unknown}
 k - 3 potions of brilliance
 l - a potion of curing
 m - a potion of might
 n - 3 potions of lignification {unknown}
 p - a potion of heal wounds {unknown}
 z - a potion of flight {unknown}
 A - a potion of attraction {unknown}


   Skills:
 + Level 1.2 Fighting
 + Level 2.5 Dodging
 - Level 1.7 Stealth
 + Level 7.9 Spellcasting
 + Level 9.3 Ice Magic


You had 13 spell levels left.
You knew the following spells:

 Your Spells              Type           Power      Damage    Failure   Level
a - Freeze                Ice            100%       1d11      1%          1
b - Ozocubu's Armour      Ice            43%        N/A       1%          3
c - Frozen Ramparts       Ice            86%        1d13      1%          3
d - Hailstorm             Conj/Ice       25%        3d7       4%          3

Your spell library contained the following spells:

 Spells                   Type           Power      Damage    Failure   Level
 Kiss of Death            Conj/Necr      28%        2d7       10%         1
 Ice Form                 Ice/Tmut       25%        N/A       13%         4
 Summon Ice Beast         Ice/Summ       25%        N/A       13%         4


Dungeon Overview and Level Annotations

Branches:
Dungeon (7/15)             Temple (1/1) D:6

Altars:
Ashenzari
Cheibriados
Elyvilon
Gozag
Hepliaklqana
Makhleb
Nemelex Xobeh
Okawaru
Qazlal
Ru
Sif Muna
Trog
Uskayaw
Vehumet
Xom
Yredelemnul
Zin

Shops:
D:2 *


Innate Abilities, Weirdness & Mutations

You can breathe wild blasts of lightning.
Your glossy black scales are hard. (AC +7)
You cannot fit into any form of body armour.
You are resistant to electric shocks. (rElec)
You are cold-blooded and may be slowed by cold attacks.


Message History

Casting: Hailstorm (dangerous; 4% risk of failure)
Press: ? - help, Dir - look around, f - activate A cannonade of hail descends around you!
The hail pelts the orc warrior!
The orc warrior is severely wounded.
The hail pelts the orc priest!
The orc priest is severely wounded.
The hail pelts the wight.
The wight partially resists.
The wight is severely damaged.
The wall freezes the orc warrior.
The wall freezes the orc priest.
You kill the orc priest!
Vehumet accepts your kill.
The wight resists.
The wall freezes the wight.
The wight hits you with a +2 scimitar of freezing!
* * * LOW HITPOINT WARNING * * *
The wight freezes you.
* * * LOW HITPOINT WARNING * * *
You barely miss the wight.
The wight is lightly damaged.
The wall freezes the wight but does no damage.
The wight barely misses you.
Casting: Hailstorm (dangerous; 4% risk of failure)
Confirm with . or Enter, or press ? or * to list all spells.
Casting: Hailstorm (dangerous; 4% risk of failure)
Press: ? - help, Dir - look around, f - activate A cannonade of hail descends around you!
The hail misses the orc warrior.
The hail pelts the orc!
You kill the orc!
Vehumet accepts your kill.
You feel your power returning.
The hail pelts the wight!
The wight partially resists.
You destroy the wight!
Vehumet accepts your kill.
You feel your power returning.
The wall freezes the orc warrior but does no damage.
The wight resists.
The wall freezes the wight.
The wight hits you with a +2 scimitar of freezing!
* * * LOW HITPOINT WARNING * * *
You feel drained.
You die...

..............#.....#...
##.....##....#.....#...
#.....#######.....'... .
#.....# ..........####
..##.....# ..............
.........# ..............
.........# ..............
.....h...# ..........)...
###....@#...............
..####z##z$>............
......)..z(#+######+#####
......n)...# .
...........# ..
...........# ..
...........# ...........#
......$....#


You could see a necrophage, a howler monkey and a wight.

Vanquished Creatures
  Eustachio (D:4)
  A water moccasin (D:6)
  2 orc warriors (D:6)
  An ogre (D:5)
  2 necrophages
  2 bullfrogs
  4 scorpions
  2 wights (D:7)
  6 hounds
  A jelly (D:6)
  5 orc priests
  A gnoll bouda (D:5)
  2 iguanas
  12 orc wizards
  Robin (D:4)
  4 adders
  9 gnolls
  A shadow imp (D:7)
  A white imp (D:6)
  2 ufetubi
  A worm (D:3)
  2 dart slugs
  32 orcs
  8 endoplasms
  2 giant cockroaches
  19 goblins
  8 hobgoblins
  5 jackals (D:3)
  18 kobolds
  5 quokkas
  5 ball pythons
  4 bats
  6 frilled lizards
  4 rats
179 creatures vanquished.

Vanquished Creatures (others)
  A demonic plant (D:7)
  6 plants (D:3)
7 creatures vanquished.

Grand Total: 186 creatures vanquished

Notes
Turn   | Place    | Note
-------+----------+-------------------------------------------
     0 | D:1      | PyroL the Draconian Ice Elementalist began the quest for
                  | the Orb.
     0 | D:1      | Reached XP level 1. HP: 14/14 MP: 3/3
   220 | D:1      | Reached XP level 2. HP: 20/20 MP: 0/5
   581 | D:1      | Found a faded altar of an unknown god.
  1074 | D:2      | Reached XP level 3. HP: 26/26 MP: 7/7
  1153 | D:2      | Found Ankaidgh's General Store.
  1168 | D:2      | Bought 2 potions of degeneration for 22 gold pieces
  1486 | D:2      | Learned a level 3 spell: Ozocubu's Armour
  1490 | D:2      | Learned a level 3 spell: Frozen Ramparts
  1496 | D:3      | Reached XP level 4. HP: 30/33 MP: 1/8
  1671 | D:3      | Reached skill level 5 in Ice Magic
  1964 | D:3      | Found a snail-covered altar of Cheibriados.
  2192 | D:3      | Reached XP level 5. HP: 38/38 MP: 3/10
  2922 | D:4      | Noticed Robin
  2933 | D:4      | Killed Robin
  3071 | D:4      | Noticed Eustachio
  3089 | D:3      | Learned a level 3 spell: Hailstorm
  3226 | D:4      | Reached skill level 6 in Ice Magic
  3226 | D:4      | Reached XP level 6. HP: 43/45 MP: 1/12
  3749 | D:4      | Killed Eustachio
  3750 | D:4      | Reached skill level 5 in Spellcasting
  4234 | D:5      | Entered Level 5 of the Dungeon
  4259 | D:5      | Your scales start taking on a glossy black colour.
  4259 | D:5      | Reached XP level 7. HP: 45/50 MP: 11/14
  4259 | D:5      | Gained mutation: You are resistant to electric shocks.
                  | (rElec) [Black Draconian growth]
  4325 | D:5      | Reached skill level 7 in Ice Magic
  4558 | D:5      | Found a shimmering altar of Xom.
  4971 | D:5      | Reached XP level 8. HP: 22/57 MP: 17/17
  5207 | D:6      | Found a staircase to the Ecumenical Temple.
  5238 | D:6      | Reached skill level 8 in Ice Magic
  5373 | Temple   | Entered the Ecumenical Temple
  5373 | Temple   | Found a transporter.
  5373 | Temple   | Found a transporter.
  5388 | Temple   | Found a transporter.
  5388 | Temple   | Found a transporter.
  5402 | Temple   | Became a worshipper of Vehumet
  5740 | D:6      | Reached skill level 9 in Ice Magic
  6430 | D:7      | Reached * piety under Vehumet
  6430 | D:7      | Offered knowledge of Kiss of Death by Vehumet.
  6467 | D:7      | Reached XP level 9. HP: 62/63 MP: 8/20
  6572 | D:7      | Reached skill level 1 in Fighting
  6578 | D:7      | Slain by a wight

Illustrated notes

Levels and vault maps discovered:
D:1:      dpeg_arrival_refuge, layout_loops_ring,
          chequers_ecumenical_altar_lobes
D:2:      layout_loops_ring, serial_shops, shop_coins
D:3:      layout_loops_ring, lemuel_doored_altar, lexackson_kobold_supper
D:4:      layout_basic, portal_sewer_entry_e, uniq_robin, uniq_eustachio
D:5:      layout_loops_ring, brannock_xom_greatest_gift, grunt_ministairs_14
D:6:      layout_basic, minmay_temple_entry_tees, minmay_manual_mail
D:7:      layout_gridville, mainiacjoe_overflow_cross_hatched, serial_demonic,
          serial_demonic_f, serial_demonic_d, serial_demonic_a,
          serial_demonic_g, serial_demonic_f, serial_demonic_b, uniq_maggie,
          uniq_pikel
Temple:   hellmonk_temple_divided_pantheon

Skill      XL: |  1  2  3  4  5  6  7  8  9 |
---------------+----------------------------+-----
Spellcasting   | 3 4 5 6 7 |  7.9
Ice Magic      | 5 6 7 9 |  9.3
Dodging        | 2 |  2.5
Fighting       | 1 |  1.2
Stealth        | |  1.7

Action                   |  1- 3 |  4- 6 |  7- 9 || total
-------------------------+-------+-------+-------++-------
Melee: Dagger            |    55 |   117 |   117 ||   289
       Tailslap          |     6 |    15 |    18 ||    39
       Punch             |       |     1 |     1 ||     2
 Cast: Freeze            |    17 |    16 |       ||    33
       Frozen Ramparts   |     1 |     8 |    16 ||    25
       Ozocubu's Armour  |     1 |     6 |    10 ||    17
       Hailstorm         |       |       |    20 ||    20
 Abil: Breathe Lightning |       |       |     5 ||     5
  Use: Scroll            |     4 |     1 |     1 ||     6
       Potion            |       |       |     1 ||     1
 Stab: Sleeping          |     2 |     5 |     1 ||     8
Armor: Skin              |    16 |    64 |    81 ||   161
Dodge: Dodged            |    44 |   102 |    71 ||   217

Table legend: (Time is in decaauts)
 A = Elapsed time spent in this place.
 B = Non-inter-level travel time spent in this place.
 C = Inter-level travel time spent in this place.
 D = Time resting spent in this place.
 E = Time spent auto-exploring this place.
 F = Levels seen in this place.
 G = Mean time per level.
                   A        B        C        D        E       F      G
               +--------+--------+--------+--------+--------+-----+--------+
         Total |   6586 |   6333 |    253 |    676 |   4352 |   8 |  823.2 |
       Dungeon |   6532 |   6279 |    253 |    676 |   4334 |   7 |  933.1 |
        Temple |     53 |     53 |      0 |      0 |     18 |   1 |   53.0 |
               +--------+--------+--------+--------+--------+-----+--------+

Top non-repeatable levels by time:
     D:4: 1647 daAuts
     D:3: 1116 daAuts
     D:5: 1087 daAuts
     D:6: 1037 daAuts
     D:1: 911 daAuts
     D:2: 564 daAuts
     D:7: 167 daAuts
  Temple: 53 daAuts
